 Dungeon Crawl Stone Soup version 0.25-a0-84-g11f2770c52 (webtiles) character file.

Game seed: 16145500509321949857, levelgen mode: deterministic

1020 kumiho the Stinger (level 8, -1/68 HPs)
             Began as a Naga Venom Mage on Nov 7, 2019.
             Was a Follower of Elyvilon.
             Slain by an orc warrior
             ... wielding a +0 great sword
              (5 damage)
             ... on level 5 of the Dungeon.
             The game lasted 00:22:14 (7386 turns).

kumiho the Stinger (Naga Venom Mage)                Turns: 7386, Time: 00:22:15

Health: -1/68      AC:  5    Str: 12    XL:     8   Next: 22%
Magic:  14/14      EV: 12    Int: 16    God:    Elyvilon [*.....]
Gold:   186        SH:  0    Dex: 12    Spells: 5/15 levels left

rFire    . . .     SeeInvis +   s - +0 morningstar
rCold    . . .     Gourm    .   (no shield)
rNeg     . . .     Faith    .   i - +0 ring mail
rPois    +         Spirit   .   m - +0 hat
rElec    .         Reflect  .   (no cloak)
rCorr    .         Harm     .   (no gloves)
MR       ++...                  (no barding)
Stlth    +.........             (no amulet)
HPRegen  0.21/turn              v - ring of protection from magic
MPRegen  0.14/turn              u - +4 ring of evasion

@: heavily drained, very slow
A: large, see invisible, deformed body, poison resistance, slowness 2, slow
metabolism 1, spit poison 1, AC +2
a: Spit Poison, Lesser Healing, Divine Protection, Renounce Religion


You were on level 5 of the Dungeon.
You worshipped Elyvilon.
Elyvilon was aware of your devotion.
You were not hungry.

You visited 2 branches of the dungeon, and saw 6 of its levels.

You collected 186 gold pieces.

Inventory:

Hand Weapons
 d - a +0 whip
 j - a +0 spear
 o - a +0 war axe
 s - a +0 morningstar (weapon)
 z - a +2 dagger of pain
Armour
 a - a +0 robe
 h - a +2 hat
 i - a +0 ring mail (worn)
 m - a +0 hat (worn)
 n - a +0 shield
Jewellery
 f - a +3 ring of intelligence
 u - a +4 ring of evasion (right hand)
 v - a ring of protection from magic (left hand)
Scrolls
 b - a scroll of blinking
 e - a scroll of teleportation {unknown}
 l - 2 scrolls of enchant armour {unknown}
 q - a scroll of fog {unknown}
 r - a scroll of identify {unknown}
 y - a scroll of random uselessness {unknown}
Potions
 g - 2 potions of curing
 k - a potion of flight {unknown}
 p - a potion of might {unknown}
 t - a potion of invisibility {unknown}
 x - a potion of lignification {unknown}
Comestibles
 c - 7 rations


   Skills:
 + Level 2.5(1.1) Fighting
 + Level 0.1(0.0) Throwing
 * Level 5.0(3.5) Armour
 - Level 1.5(0.2) Dodging
 - Level 3.1(1.7) Stealth
 + Level 4.0(2.5) Spellcasting
 - Level 1.0(0.0) Conjurations
 - Level 3.1(1.7) Air Magic
 - Level 6.0(4.5) Poison Magic


You had 5 spell levels left.
You knew the following spells:

 Your Spells              Type           Power        Failure   Level  Hunger
a - Sting                 Conj/Pois      #...         17%         1    #......
b - Poisonous Vapours     Pois/Air       ##....       19%         2    ##.....
c - Mephitic Cloud        Conj/Pois/Air  #.......     47%         3    ###....
d - Olgreb's Toxic Radia  Pois           ###.....     54%         4    #####..

Your spell library contained the following spells:

 Spells                   Type           Power        Failure   Level  Hunger
 Venom Bolt               Conj/Pois      #.........   99%         5    ######.


Dungeon Overview and Level Annotations

Branches:
Dungeon (5/15)             Temple (1/1) D:5

Altars:
Ashenzari
Dithmenos
Elyvilon
Fedhas
Gozag
Hepliaklqana
Nemelex Xobeh
Okawaru
Qazlal
Trog
Wu Jian
Xom
Yredelemnul
Zin
The Shining One

Shops:
D:4 [

Annotations:
D:3 exclusion: downstairs
D:4 exclusion: downstairs
D:5 exclusion: jelly


Innate Abilities, Weirdness & Mutations

You cannot wear boots.
Your serpentine skin is tough. (AC +2)
You have supernaturally acute eyesight. (SInv)
Armour fits poorly on your strangely shaped body.
Your system is resistant to poisons. (rPois)
You cover ground very slowly.
You have a slow metabolism.
You can spit poison.


Message History

Your base Armour skill increases to level 5!
Your base Spellcasting skill increases to level 4!
The orc warrior hits you but does no damage.
Things that are here:
a +0 falchion; a +0 ring mail You barely miss the orc warrior.
The orc warrior hits you with a +0 great sword!
You closely miss the orc warrior.
The orc warrior hits you with a +0 great sword!
You hit the orc warrior but do no damage.
The orc warrior closely misses you.
You completely miss the orc warrior. The orc warrior barely misses you.
You hit the orc warrior.
The orc warrior is lightly wounded.
The orc warrior hits you with a +0 great sword!!
* * * LOW HITPOINT WARNING * * *
You hit the orc warrior but do no damage.
The orc warrior is lightly wounded.
The orc warrior hits you with a +0 great sword.
You die...

#...# ##.## #.# ##..
#.#.######...######.#
#...
#...................#
##..
###.######...##.....#
#.. #.#
#.####.##.######.#
#.# #.# #.##.........
#.######<#
#.#########.#
#........# #.# #.#
########@# #.# #.#
#o# #.# #.. #.####.#
### #......#
#....###### #.##.# #.
... # ... ###..


You could see an orc warrior.

Vanquished Creatures
  Menkaure (D:4)
  2 orc warriors
  A gnoll sergeant (D:5)
  2 wights
  2 crimson imps (D:5)
  A hound (D:4)
  An iguana (D:5)
  5 orc wizards
  5 worker ants
  2 hound skeletons
  A worker ant zombie (D:5)
  6 adders
  2 adder zombies (D:5)
  4 worms
  3 dart slugs
  4 leopard geckos
  5 orcs
  3 ball pythons
  7 goblins
  6 hobgoblins
  12 jackals
  A quokka (D:2)
  8 bats
  2 frilled lizards
  A jackal zombie (D:5)
  5 kobolds
  A leopard gecko skeleton (D:4)
  4 rats
97 creatures vanquished.

Notes
Turn   | Place    | Note
-------+----------+-------------------------------------------
     0 | D:1      | kumiho the Naga Venom Mage began the quest for the Orb.
     0 | D:1      | Reached XP level 1. HP: 15/15 MP: 3/3
   336 | D:1      | Reached XP level 2. HP: 20/22 MP: 1/5
   402 | D:1      | Learned a level 2 spell: Poisonous Vapours
  1185 | D:2      | Reached XP level 3. HP: 20/30 MP: 6/6
  1437 | D:2      | Reached skill level 5 in Poison Magic
  1614 | D:2      | Reached skill level 1 in Air Magic
  2084 | D:2      | Found an iron altar of Okawaru.
  2087 | D:2      | Reached XP level 4. HP: 33/37 MP: 7/7
  2128 | D:2      | Reached skill level 1 in Armour
  3168 | D:3      | Found a sparkling altar of Nemelex Xobeh.
  3221 | D:3      | Reached XP level 5. HP: 41/43 MP: 3/8
  3311 | D:3      | Found a stormy altar of Qazlal.
  3545 | D:3      | Learned a level 3 spell: Mephitic Cloud
  3588 | D:4      | Found a hazy altar of Hepliaklqana.
  4377 | D:4      | Found Wimyer's Armour Shop.
  4446 | D:4      | Reached skill level 1 in Fighting
  4446 | D:4      | Reached skill level 6 in Poison Magic
  4446 | D:4      | Reached XP level 6. HP: 24/51 MP: 10/10
  4720 | D:4      | Noticed Menkaure
  5198 | D:4      | Noticed a phantom
  5295 | D:4      | Killed Menkaure
  5375 | D:5      | Entered Level 5 of the Dungeon
  5381 | D:5      | Found a staircase to the Ecumenical Temple.
  5396 | Temple   | Entered the Ecumenical Temple
  5527 | Temple   | Became a worshipper of Elyvilon the Healer
  5577 | D:5      | Reached XP level 7. HP: 43/57 MP: 0/11
  5732 | D:5      | Learned a level 4 spell: Olgreb's Toxic Radiance
  6329 | D:5      | Found a shimmering altar of Xom.
  6332 | D:5      | Noticed an angel
  6338 | D:5      | Found a glowing silver altar of Zin.
  6610 | D:5      | Reached * piety under Elyvilon
  6692 | D:5      | Reached XP level 8. HP: 68/68 MP: 7/13
  7379 | D:5      | Reached skill level 5 in Armour
  7386 | D:5      | Slain by an orc warrior

Levels and vault maps discovered:
D:1:      psy_arrival_radial01, layout_loops_ring,
          hangedman_decor_clover_reticule
D:2:      layout_basic, nicolae_overflow_hidden_temple, chequers_jeans,
          grunt_decor_mini_mirrors
D:3:      layout_rooms, lemuel_crystal_altar, nemelex_altar_shiori, first_ration
D:4:      layout_gridville, led_sif_pool, overflow_temple_1_default,
          serial_shops, shop, uniq_menkaure
D:5:      layout_loops_ring, grunt_temple_overflow_order_and_chaos_1,
          minmay_temple_entry_purple_smoke, sword_in_stone
Temple:   nicolae_temple_figure_zero

Skill      XL: |  1  2  3  4  5  6  7  8 |
---------------+-------------------------+-----
Poison Magic   | 5 6 |  6.0
Air Magic      | 1 2 3 |  3.1
Armour         | 1 2 4 5 |  5.0
Fighting       | 1 2 |  2.5
Spellcasting   | 3 4 |  4.0
Throwing       | |  0.1
Dodging        | |  1.5
Stealth        | |  3.1
Conjurations   | |  1.0

Action                   |  1- 3 |  4- 6 |  7- 9 || total
-------------------------+-------+-------+-------++-------
Melee: Whip              |   121 |    68 |       ||   189
       Morningstar       |       |    52 |   105 ||   157
Throw: Throwing net      |       |     2 |     4 ||     6
 Cast: Sting             |    18 |       |       ||    18
       Poisonous Vapours |    11 |    42 |    31 ||    84
 Abil: Spit Poison       |     6 |     9 |     3 ||    18
  Use: Scroll            |       |     1 |       ||     1
       Potion            |       |     1 |       ||     1
 Stab: Sleeping          |     1 |     2 |     1 ||     4
       Held in net/web   |       |     1 |       ||     1
  Eat: Chunk             |     4 |     8 |     6 ||    18
       Ration            |       |     1 |     1 ||     2
Armor: Robe              |     4 |       |       ||     4
       Ring mail         |    52 |    58 |    38 ||   148
Dodge: Dodged            |    62 |    88 |    65 ||   215

Table legend:
 A = Non-vault XP
 B = Vault XP
 C = Vault XP percentage of total XP
 D = Non-vault monster count
 E = Vault monster count
 F = Vault count percentage of total count
                 A         B        C        D         E       F
            +---------+---------+-------+---------+---------+-------
      Total |     950 |     508 |  34.8 |      92 |       5 |   5.2
            +---------+---------+-------+---------+---------+-------
        D:1 |      33 |       0 |   0.0 |      20 |       0 |   0.0
        D:2 |      68 |       0 |   0.0 |      25 |       0 |   0.0
        D:3 |     107 |       0 |   0.0 |      16 |       0 |   0.0
        D:4 |     201 |     364 |  64.4 |      10 |       3 |  23.1
        D:5 |     541 |     144 |  21.0 |      21 |       2 |   8.7
            +---------+---------+-------+---------+---------+-------
